[Event "ICC tourney 2533 (25 5)"]
[Site "Internet Chess Club"]
[Date "2021.04.25"]
[Round "6"]
[White "LAMPING, ANDREW:K09-16230258"]
[Black "BHEEMAVARAPU, SREEKAR:K09-16737643"]
[Result "1-0"]
[ICCResult "Black checkmated"]
[WhiteElo "1327"]
[BlackElo "754"]
[Opening "Scotch game"]
[ECO "C45"]
[NIC "SO.04"]
[Time "13:09:36"]
[PlyCount "113"]
[TimeControl "1500+5"]

1. e4 e5 2. Nf3 Nc6 3. d4 exd4 4. Nxd4 Nxd4 5. Qxd4 d6 6. Bc4 Bd7 7. O-O
Qf6 8. Be3 Qxd4 9. Bxd4 Nf6 10. Bxf6 gxf6 11. Nc3 Be7 12. Nd5 Rc8 13. Rfe1
c6 14. Nxe7 Kxe7 15. Rad1 Be6 16. Bxe6 fxe6 17. f4 Rhg8 18. c4 c5 19. Rd3
Rg4 20. g3 Rcg8 21. Red1 Rd8 22. a4 h5 23. h3 Rgg8 24. Kf2 e5 25. f5 a6 26.
a5 Rd7 27. Ra3 Rb8 28. Rdd3 Rc7 29. Rdb3 Kf7 30. Rb6 Ke7 31. Rd3 Rd8 32. b4
Rdd7 33. b5 axb5 34. Rxb5 Kf7 35. Rb6 Ke7 36. Ra3 Kf7 37. a6 bxa6 38. Raxa6
Ke7 39. Ra8 Rd8 40. Rxd8 Kxd8 41. Rxd6+ Ke7 42. Rd5 Rc8 43. Kf3 Ke8 44. g4
h4 45. g5 Ke7 46. g6 Ra8 47. Kg4 Ra1 48. Rxc5 Re1 49. Kxh4 Rxe4+ 50. Kh5
Kf8 51. h4 Kg8 52. Rc7 Rf4 53. g7 Re4 54. Kg6 Rg4+ 55. Kxf6 e4 56. Rc8+ Kh7
57. Rh8# { Black checkmated } 1-0

[Event "ICC tourney 2533 (25 5)"]
[Site "Internet Chess Club"]
[Date "2021.04.25"]
[Round "6"]
[White "NASTA, KIREN:K09-15255524"]
[Black "MADIRAJU, RISHI:K09-16477316"]
[Result "1-0"]
[ICCResult "Black resigns"]
[WhiteElo "1901"]
[BlackElo "1496"]
[Opening "Ruy Lopez: Berlin defense"]
[ECO "C65"]
[NIC "RL.07"]
[Time "13:11:22"]
[PlyCount "65"]
[TimeControl "1500+5"]

1. e4 e5 2. Nf3 Nc6 3. Bb5 Nf6 4. d3 a6 5. Bxc6 dxc6 6. Nxe5 Bc5 7. c3 Ba7
8. O-O Qd6 9. Nf3 Qd8 10. h3 O-O 11. Re1 Re8 12. Be3 Bxe3 13. Rxe3 Be6 14.
Qc2 Qd7 15. Ng5 Nh5 16. Nxe6 Rxe6 17. Qe2 Nf4 18. Qf3 Rf6 19. e5 Rf5 20. g4
Nxh3+ 21. Qxh3 Rg5 22. Nd2 h5 23. Rg3 hxg4 24. Qh4 Qf5 25. Ne4 Rg6 26. Re1
Qxe5 27. Rxg4 Rxg4+ 28. Qxg4 f5 29. Qg5 Re8 30. Nf6+ Qxf6 31. Rxe8+ Kf7 32.
Qxf6+ gxf6 33. Rc8 { Black resigns } 1-0

[Event "ICC tourney 2533 (25 5)"]
[Site "Internet Chess Club"]
[Date "2021.04.25"]
[Round "6"]
[White "T TRAN, JAMIE:K09-15367291"]
[Black "ALEXANDER NIEUWERBURGH, PAUL:K09-15847117"]
[Result "0-1"]
[ICCResult "White checkmated"]
[WhiteElo "1043"]
[BlackElo "1496"]
[Opening "Sicilian defense"]
[ECO "B20"]
[NIC "SI.48"]
[Time "13:12:29"]
[PlyCount "82"]
[TimeControl "1500+5"]

1. e4 c5 2. Bc4 g6 3. Nf3 Bg7 4. O-O Nc6 5. Ng5 e6 6. c3 Qxg5 7. d3 Qd8 8.
Nd2 Nge7 9. Nf3 O-O 10. d4 d5 11. exd5 exd5 12. Bb3 cxd4 13. cxd4 Bg4 14.
h3 Bxf3 15. Qxf3 Nxd4 16. Qd3 Nxb3 17. Qxb3 b6 18. Bg5 Re8 19. Rad1 d4 20.
Rfe1 Qd7 21. Qf3 Nf5 22. Rf1 h6 23. Bd2 Rac8 24. Qg4 Qd5 25. b3 Qe4 26. Bf4
h5 27. Qg5 Bh6 28. Qf6 Qxf4 29. g3 Qf3 30. Rde1 Rxe1 31. Rxe1 Bg7 32. Qg5
d3 33. g4 Bh6 34. Qf6 d2 35. Rf1 d1=Q 36. Rxd1 Qxd1+ 37. Kg2 Ne3+ 38. fxe3
Rc2+ 39. Kg3 Qg1+ 40. Kh4 Qe1+ 41. Qf2 Qxf2# { White checkmated } 0-1

[Event "ICC tourney 2533 (25 5)"]
[Site "Internet Chess Club"]
[Date "2021.04.25"]
[Round "6"]
[White "ROMANYUK, NIKITA:K09-16682244"]
[Black "ALBERT STERN, MATTHEW:K09-16865142"]
[Result "1-0"]
[ICCResult "Black checkmated"]
[WhiteElo "166"]
[BlackElo "789"]
[Opening "Four knights: Spanish variation"]
[ECO "C48"]
[NIC "KP.03"]
[Time "13:11:05"]
[PlyCount "85"]
[TimeControl "1500+5"]

1. e4 e5 2. Nf3 Nc6 3. Bb5 Nf6 4. Nc3 a6 5. Bc4 b5 6. Bb3 d6 7. d3 h6 8. a3
Qe7 9. h3 Be6 10. Bxe6 Qxe6 11. O-O d5 12. Re1 d4 13. Na2 Bd6 14. Nh2 O-O
15. Qf3 a5 16. Qg3 b4 17. a4 Nh5 18. Qf3 Nf4 19. b3 Rab8 20. Bd2 Rb6 21.
Nc1 Bc5 22. Ne2 Nxe2+ 23. Qxe2 Bd6 24. Qf3 Na7 25. Qg3 Rc6 26. Ra2 g5 27.
f3 Kg7 28. h4 f6 29. hxg5 fxg5 30. Rf1 Qf6 31. Ng4 Qf7 32. Qh3 h5 33. Nh2
Qf6 34. Qxh5 Rh8 35. Qg4 Qh6 36. Qg3 Qh5 37. f4 exf4 38. Bxf4 Bxf4 39. Rxf4
Rxc2 40. Rxc2 Qd1+ 41. Nf1 Qxc2 42. Qxg5+ Kh7 43. Rf7# { Black checkmated }
1-0

[Event "ICC tourney 2533 (25 5)"]
[Site "Internet Chess Club"]
[Date "2021.04.25"]
[Round "6"]
[White "MAKODE, ATHARVA:K09-16723328"]
[Black "MERCADO, PATRICIO:K09-16368776"]
[Result "1-0"]
[ICCResult "Black checkmated"]
[WhiteElo "1446"]
[BlackElo "1031"]
[Opening "Queen's pawn, Mason variation"]
[ECO "D00"]
[NIC "QP.08"]
[Time "13:12:10"]
[PlyCount "133"]
[TimeControl "1500+5"]

1. d4 d5 2. Bf4 Nf6 3. e3 c6 4. c3 Bg4 5. Be2 Bxe2 6. Qxe2 e6 7. Nf3 Nbd7
8. Qc2 Be7 9. Nbd2 O-O 10. O-O Ng4 11. h3 Ngf6 12. e4 dxe4 13. Nxe4 Nxe4
14. Qxe4 Nf6 15. Qc2 Nd5 16. Bh2 Bd6 17. Bxd6 Qxd6 18. Rfe1 Qd8 19. a3 Qf6
20. Ne5 Nf4 21. Qe4 Qg5 22. Qf3 Nd5 23. Qg4 Qxg4 24. Nxg4 Nf4 25. Ne5 Rfc8
26. Rad1 Rd8 27. Nd3 Nxd3 28. Rxd3 b6 29. Red1 Rd5 30. c4 Rd6 31. f4 Rad8
32. Kf2 c5 33. Ke3 Kf8 34. dxc5 Rxd3+ 35. Rxd3 Rxd3+ 36. Kxd3 bxc5 37. b4
cxb4 38. axb4 Ke7 39. c5 Kd7 40. Kc4 Kc6 41. b5+ Kc7 42. g3 f6 43. Kd4 g6
44. g4 e5+ 45. fxe5 fxe5+ 46. Kxe5 h6 47. Kf6 h5 48. Kxg6 hxg4 49. hxg4 Kd7
50. Kf6 Ke8 51. Ke6 Kd8 52. Kd6 Kc8 53. Kc6 Kb8 54. g5 a6 55. bxa6 Ka7 56.
g6 Kxa6 57. g7 Ka5 58. g8=Q Kb4 59. Qg4+ Kc3 60. Qe4 Kd2 61. Qf3 Kc2 62.
Qe3 Kb1 63. Qe2 Kc1 64. Kb5 Kb1 65. Kb4 Kc1 66. Kc3 Kb1 67. Qb2# { Black
checkmated } 1-0

[Event "ICC tourney 2533 (25 5)"]
[Site "Internet Chess Club"]
[Date "2021.04.25"]
[Round "6"]
[White "BALU, JAYANTH:K09-15760188"]
[Black "KOTARU, ADITYA:K09-15453455"]
[Result "1/2-1/2"]
[ICCResult "Game drawn by mutual agreement"]
[WhiteElo "940"]
[BlackElo "1451"]
[Opening "English opening"]
[ECO "A10"]
[NIC "EO.63"]
[Time "13:12:41"]
[PlyCount "64"]
[TimeControl "1500+5"]

1. c4 b6 2. Nc3 Bb7 3. Nf3 e6 4. e3 Nf6 5. g3 c5 6. Bg2 d6 7. O-O Nbd7 8.
d4 Be7 9. Re1 Qc7 10. e4 e5 11. dxe5 Nxe5 12. Nxe5 dxe5 13. Nd5 Bxd5 14.
exd5 Bd6 15. Qa4+ Qd7 16. Qxd7+ Nxd7 17. Bd2 O-O 18. Bc3 f5 19. f3 Rae8 20.
b3 g6 21. Re2 Rf7 22. Bd2 Kg7 23. Rae1 h6 24. Bc3 Kh7 25. a4 a5 26. Kf2
Rfe7 27. h3 Rf7 28. h4 e4 29. f4 h5 30. Re3 Nf6 31. Bh3 Nd7 32. R3e2 Be7 {
Game drawn by mutual agreement } 1/2-1/2

[Event "ICC tourney 2533 (25 5)"]
[Site "Internet Chess Club"]
[Date "2021.04.25"]
[Round "6"]
[White "KOLLIPARA, AMOGH:K09-15294780"]
[Black "ETHAN CHONG, JOSHUA:K09-15110220"]
[Result "0-1"]
[ICCResult "White resigns"]
[WhiteElo "1422"]
[BlackElo "1869"]
[Opening "Queen's pawn: Chigorin variation"]
[ECO "D00"]
[NIC "QP.08"]
[Time "13:09:50"]
[PlyCount "86"]
[TimeControl "1500+5"]

1. d4 d5 2. Nc3 Nf6 3. Bf4 c6 4. e3 Bf5 5. f3 e6 6. g4 Bg6 7. h4 h6 8. h5
Bh7 9. Bd3 Bd6 10. Nge2 Qc7 11. Qd2 Nbd7 12. O-O-O O-O-O 13. Rhg1 e5 14.
dxe5 Nxe5 15. Bxe5 Bxe5 16. f4 Bxc3 17. Nxc3 Ne4 18. Nxe4 dxe4 19. Qc3 exd3
20. Qxg7 Qe7 21. Rge1 Be4 22. cxd3 Bf3 23. Rd2 Rhg8 24. Qxh6 Rxg4 25. Rf2
Rg2 26. Rxg2 Bxg2 27. Qh7 Qf6 28. e4 Rh8 29. Qf5+ Qxf5 30. exf5 Rxh5 31. f6
Bd5 32. Re5 Rxe5 33. fxe5 Kd7 34. Kc2 Ke6 35. d4 c5 36. dxc5 Kxe5 37. a3
Kxf6 38. b4 Bc6 39. Kc3 Ke5 40. Kc4 a6 41. Kd3 f5 42. Ke3 f4+ 43. Kf2 Kd4 {
White resigns } 0-1

[Event "ICC tourney 2533 (25 5)"]
[Site "Internet Chess Club"]
[Date "2021.04.25"]
[Round "6"]
[White "CALLENIUS, AIDEN:K09-16875614"]
[Black "REVES, YIANNI:K09-16805341"]
[Result "0-1"]
[ICCResult "White forfeits on time"]
[WhiteElo "699"]
[BlackElo "1184"]
[Opening "French: advance, Paulsen attack"]
[ECO "C02"]
[NIC "FR.03"]
[Time "13:12:21"]
[PlyCount "46"]
[TimeControl "1500+5"]

1. e4 e6 2. d4 d5 3. e5 c5 4. c3 Nc6 5. Nf3 Qb6 6. b3 Bd7 7. Be2 Nh6 8. Be3
Ng4 9. Nbd2 Qa5 10. Qc2 Be7 11. O-O cxd4 12. cxd4 Nxe3 13. fxe3 O-O 14. a4
Rac8 15. Qb2 Bb4 16. Bd3 Bc3 17. Bxh7+ Kxh7 18. Qc2+ g6 19. Rab1 Nb4 20.
Qd1 Bxd2 21. Qxd2 Nc6 22. Qf2 Kg7 23. Ng5 f5 { White forfeits on time } 0-1

[Event "ICC tourney 2533 (25 5)"]
[Site "Internet Chess Club"]
[Date "2021.04.25"]
[Round "6"]
[White "GUPTA, RANVIR:K09-16547074"]
[Black "RAMASAMY, KAVIN:K09-16465450"]
[Result "0-1"]
[ICCResult "White checkmated"]
[WhiteElo "166"]
[BlackElo "915"]
[Opening "Caro-Kann: Tartakower (fantasy) variation"]
[ECO "B12"]
[NIC "CK.02"]
[Time "13:11:10"]
[PlyCount "110"]
[TimeControl "1500+5"]

1. e4 c6 2. d4 d5 3. f3 dxe4 4. fxe4 e6 5. Nf3 Nd7 6. Nc3 Ne7 7. Bg5 f6 8.
Bf4 Ng6 9. Bg3 e5 10. dxe5 fxe5 11. Bc4 Be7 12. O-O Qb6+ 13. Bf2 Qxb2 14.
Na4 Qb4 15. Bb3 b5 16. Be1 Qd6 17. Qxd6 Bxd6 18. Nb2 Be7 19. Nd2 Nf6 20.
Nf3 Nxe4 21. Nd2 Bc5+ 22. Kh1 Nc3 23. Bf7+ Kd8 24. Nf3 b4 25. Bh4+ Nxh4 26.
Nxh4 e4 27. Nd1 e3 28. Nxc3 bxc3 29. Rad1+ Kc7 30. Rd3 Ba6 31. Bc4 Bxc4 32.
Rf7+ Kb6 33. Rdd7 e2 34. Rb7+ Ka6 35. Nf3 Bxf7 36. Rxf7 Rhe8 37. h3 e1=Q+
38. Nxe1 Rxe1+ 39. Kh2 Bd6+ 40. g3 Re2+ 41. Kg1 Rae8 42. Rf1 Bc5+ 43. Kh1
Re1 44. Rxe1 Rxe1+ 45. Kg2 Re2+ 46. Kf3 Rxc2 47. Ke4 Rxa2 48. Kd3 c2 49.
Ke4 c1=Q 50. Kf5 Rf2+ 51. Ke6 Qe3+ 52. Kd7 Rd2+ 53. Kxc6 Rd6+ 54. Kc7 Qe7+
55. Kb8 Rd8# { White checkmated } 0-1

[Event "ICC tourney 2533 (25 5)"]
[Site "Internet Chess Club"]
[Date "2021.04.25"]
[Round "6"]
[White "GANTI AGRAWAL, SIDDHARTH:K09-15429648"]
[Black "SUN, YICHEN:K09-30153816"]
[Result "1-0"]
[ICCResult "Black checkmated"]
[WhiteElo "1748"]
[BlackElo "1190"]
[Opening "Queen's pawn game, Chigorin variation"]
[ECO "D02"]
[NIC "QP.08"]
[Time "13:12:44"]
[PlyCount "89"]
[TimeControl "1500+5"]

1. d4 d5 2. Nf3 Nc6 3. g3 Nf6 4. Bg2 Bg4 5. O-O e6 6. c4 dxc4 7. Qa4 Bxf3
8. Bxf3 Be7 9. Bxc6+ bxc6 10. Qxc6+ Nd7 11. Qxc4 O-O 12. Bf4 Rc8 13. Nc3
Nb6 14. Qd3 Bf6 15. Rfd1 c6 16. Rac1 Re8 17. Ne4 Nd5 18. Nxf6+ Qxf6 19. Be5
Qh6 20. Qd2 Qg6 21. a3 f6 22. Bd6 Qf7 23. Bc5 e5 24. e4 Nc7 25. d5 Red8 26.
Bxa7 Nxd5 27. Bb6 Rd7 28. exd5 h6 29. Qa5 Kh7 30. Qc5 Ra8 31. dxc6 Rxd1+
32. Rxd1 Qa2 33. Rc1 Ra4 34. Qc2+ Re4 35. Qxe4+ Kg8 36. Qc4+ Qxc4 37. Rxc4
Kh7 38. c7 e4 39. c8=Q e3 40. Qf5+ Kg8 41. Rc8+ Kf7 42. Bc5 exf2+ 43. Kxf2
g6 44. Rf8+ Kg7 45. Qd7# { Black checkmated } 1-0

[Event "ICC tourney 2533 (25 5)"]
[Site "Internet Chess Club"]
[Date "2021.04.25"]
[Round "6"]
[White "UPADHYAY, PUNYAVRAT:K09-15975172"]
[Black "MENDEL, ROWAN:K09-15291230"]
[Result "1-0"]
[ICCResult "Black checkmated"]
[WhiteElo "1546"]
[BlackElo "1132"]
[Opening "Pirc: classical (two knights) system"]
[ECO "B08"]
[NIC "PU.10"]
[Time "13:11:50"]
[PlyCount "71"]
[TimeControl "1500+5"]

1. e4 d6 2. d4 Nf6 3. Nc3 g6 4. Nf3 Bg7 5. Bc4 O-O 6. Bf4 c6 7. Qd2 Qc7 8.
h4 h5 9. e5 Ng4 10. exd6 exd6 11. O-O-O Bf5 12. Nh2 Nf6 13. f3 a5 14. a4
Nbd7 15. Rdg1 Nb6 16. Bb3 Qd7 17. Bh6 c5 18. Bxg7 Kxg7 19. g4 hxg4 20. Nxg4
Nxg4 21. fxg4 Bxg4 22. h5 Rh8 23. Qg5 Be6 24. hxg6 Rxh1 25. gxf7+ Kxf7 26.
Rxh1 Rg8 27. Rh7+ Kf8 28. Qf6+ Ke8 29. Rxd7 Nxd7 30. Qxe6+ Kd8 31. Qxg8+
Kc7 32. Nb5+ Kc6 33. d5+ Kb6 34. Qd8+ Ka6 35. Qa8+ Kb6 36. Qa7# { Black
checkmated } 1-0

[Event "ICC tourney 2533 (25 5)"]
[Site "Internet Chess Club"]
[Date "2021.04.25"]
[Round "6"]
[White "SIRAVURI, ARYAN:K09-15570085"]
[Black "HENRY EASTERDAY, WILLIAM:K09-16350945"]
[Result "1/2-1/2"]
[ICCResult "Game drawn by repetition"]
[WhiteElo "104"]
[BlackElo "1150"]
[Opening "KP: Nimzovich defense"]
[ECO "B00"]
[NIC "VO.05"]
[Time "13:10:32"]
[PlyCount "128"]
[TimeControl "1500+5"]

1. e4 Nc6 2. Nf3 d6 3. d4 Nf6 4. Nc3 e5 5. d5 Ne7 6. Bc4 g6 7. O-O Bg7 8.
Be3 c6 9. Re1 h6 10. Qd2 Ng4 11. h3 Nxe3 12. Qxe3 O-O 13. dxc6 Nxc6 14. Nd5
Be6 15. c3 Na5 16. Bb5 a6 17. Bd3 Nc6 18. Nb6 Rb8 19. Nd5 Ne7 20. Nxe7+
Qxe7 21. b3 Kh7 22. Bc4 h5 23. Ng5+ Kg8 24. Nxe6 fxe6 25. Red1 Rbd8 26. Qb6
Bh6 27. Rf1 d5 28. exd5 exd5 29. Qxg6+ Qg7 30. Qxg7+ Kxg7 31. Bd3 e4 32.
Be2 Rd6 33. Bxh5 d4 34. cxd4 Rxd4 35. Rad1 Rd3 36. Rxd3 exd3 37. Rd1 Rd8
38. Bf3 d2 39. Bxb7 Re8 40. Kf1 Re6 41. Bd5 Re5 42. Bc4 a5 43. Be2 Rc5 44.
Bc4 Re5 45. Be2 Kf6 46. g3 Kf5 47. f4 Rd5 48. Kf2 Bg7 49. Ke3 Bc3 50. Bd3+
Ke6 51. f5+ Kf6 52. Ke4 Re5+ 53. Kf3 Re1 54. Be2 Kxf5 55. Bd3+ Ke5 56. Be2
Kf5 57. Bd3+ Ke5 58. Be2 Kf5 59. Bd3+ Ke5 60. Be2 Kf5 61. Bd3+ Ke5 62. Be2
Kf5 63. Bd3+ Ke5 64. Be2 Kf5 { Game drawn by repetition } 1/2-1/2

[Event "ICC tourney 2533 (25 5)"]
[Site "Internet Chess Club"]
[Date "2021.04.25"]
[Round "6"]
[White "PRATHIK KARRA, KUNAL:K09-14744151"]
[Black "DONHAM, WILLIAM:K09-15747455"]
[Result "1-0"]
[ICCResult "Black resigns"]
[WhiteElo "1121"]
[BlackElo "1583"]
[Opening "Giuoco Piano"]
[ECO "C50"]
[NIC "IG.02"]
[Time "13:10:33"]
[PlyCount "71"]
[TimeControl "1500+5"]

1. e4 e5 2. Nf3 Nc6 3. Bc4 Bc5 4. O-O Nf6 5. d3 d6 6. c3 O-O 7. Bg5 Be6 8.
Bxe6 fxe6 9. b4 Bb6 10. Nbd2 Qe8 11. a4 a5 12. b5 Ne7 13. d4 exd4 14. cxd4
Ng6 15. Rc1 e5 16. Nc4 Nxe4 17. Nxb6 cxb6 18. Be3 Qe6 19. dxe5 dxe5 20. Re1
Nf6 21. Ng5 Qd5 22. Qe2 h6 23. Nf3 Nd7 24. Red1 Qe6 25. Rc7 Nc5 26. Bxc5
bxc5 27. Rdd7 Qf6 28. Rxb7 Rad8 29. Rxg7+ Qxg7 30. Rxg7+ Kxg7 31. h4 Rfe8
32. h5 Nf4 33. Qe4 Rd5 34. g3 Rd1+ 35. Kh2 Nxh5 36. Qg4+ { Black resigns }
1-0

[Event "ICC tourney 2533 (25 5)"]
[Site "Internet Chess Club"]
[Date "2021.04.25"]
[Round "6"]
[White "MISHRA, ARYAN:K09-15817708"]
[Black "DENG, LILY:K09-16640701"]
[Result "1-0"]
[ICCResult "Black checkmated"]
[WhiteElo "1356"]
[BlackElo "1844"]
[Opening "Queen's gambit declined"]
[ECO "D30"]
[NIC "QP.08"]
[Time "13:09:50"]
[PlyCount "41"]
[TimeControl "1500+5"]

1. d4 d5 2. c4 e6 3. Nf3 Nc6 4. Nc3 Nf6 5. e3 Be7 6. Bd3 O-O 7. O-O h6 8.
b3 Re8 9. Bb2 a6 10. Rc1 Bd7 11. Ne5 Bd6 12. f4 b6 13. cxd5 exd5 14. e4
Nxd4 15. Nxd5 Nxd5 16. exd5 Bc5 17. Kh1 Nf5 18. Qh5 Nd6 19. Nxf7 Nxf7 20.
Qg6 Bf8 21. Qh7# { Black checkmated } 1-0

[Event "ICC tourney 2533 (25 5)"]
[Site "Internet Chess Club"]
[Date "2021.04.25"]
[Round "6"]
[White "KOLLIPARA, ADVAITH:K09-15014487"]
[Black "KALE, SHUBHAM:K09-15358846"]
[Result "1-0"]
[ICCResult "Black forfeits on time"]
[WhiteElo "1648"]
[BlackElo "1157"]
[Opening "Modern defense"]
[ECO "A40"]
[NIC "QO.17"]
[Time "13:10:27"]
[PlyCount "49"]
[TimeControl "1500+5"]

1. d4 g6 2. c4 Bg7 3. Nf3 d6 4. g3 Nd7 5. Bg2 c5 6. O-O a6 7. Nc3 cxd4 8.
Nxd4 Nb6 9. b3 Nf6 10. Bb2 O-O 11. Rc1 Rb8 12. Nd5 Nfxd5 13. cxd5 Bd7 14.
e4 Rc8 15. Qd2 Rc5 16. a4 e5 17. Nf3 f5 18. exf5 Rxf5 19. Rxc5 dxc5 20. Qe3
e4 21. Nh4 Bxb2 22. Nxf5 Bxf5 23. Qxc5 Nd7 24. Qb4 Qb6 25. Qc4 { Black
forfeits on time } 1-0

[Event "ICC tourney 2533 (25 5)"]
[Site "Internet Chess Club"]
[Date "2021.04.25"]
[Round "6"]
[White "CHOPRA, NIKITA:K09-30161249"]
[Black "K STAGE, HARRISON:K09-16011274"]
[Result "0-1"]
[ICCResult "White checkmated"]
[WhiteElo "1015"]
[BlackElo "1427"]
[Opening "Benoni defense"]
[ECO "B13"]
[NIC "OI.06"]
[Time "13:11:09"]
[PlyCount "104"]
[TimeControl "1500+5"]

1. d4 Nf6 2. c4 c5 3. e3 cxd4 4. exd4 d5 5. Nf3 Nc6 6. Nc3 Bg4 7. Bg5 dxc4
8. Bxc4 Bxf3 9. Qxf3 Qxd4 10. Bb3 Qe5+ 11. Qe3 Qxe3+ 12. Bxe3 e6 13. O-O-O
Be7 14. Rhe1 O-O 15. Nb5 a6 16. Nd4 Rac8 17. Kb1 Bb4 18. Re2 Rfd8 19. Nxc6
Rxd1+ 20. Bxd1 Rxc6 21. a3 Bc5 22. Rd2 Rd6 23. Bf3 Rxd2 24. Bxd2 b6 25. b4
Bxf2 26. Bb7 a5 27. bxa5 bxa5 28. Bxa5 Kf8 29. Bb4+ Ke8 30. a4 Kd8 31. a5
Kc7 32. Bf3 Nd5 33. Bd2 Kb7 34. Be2 Nc7 35. Kb2 Bc5 36. Kb3 f5 37. Kc4 Bg1
38. h3 e5 39. Bf3+ e4 40. Bd1 g6 41. Bf4 e3 42. Bf3+ Kc8 43. Kc5 e2+ 44.
Kc6 e1=Q 45. Bxc7 Qc1+ 46. Kd6 Qxc7+ 47. Ke6 Qxa5 48. Kf7 Qa7+ 49. Kf6 Be3
50. Bb7+ Qxb7 51. g4 Kd8 52. g5 Qe7# { White checkmated } 0-1

[Event "ICC tourney 2533 (25 5)"]
[Site "Internet Chess Club"]
[Date "2021.04.25"]
[Round "6"]
[White "LUKOSE, JAMES:K09-16437200"]
[Black "LUKOSE, JOYCE:K09-16437195"]
[Result "0-1"]
[ICCResult "White checkmated"]
[WhiteElo "885"]
[BlackElo "1298"]
[Opening "Queen's pawn"]
[ECO "A40"]
[NIC "QO.17"]
[Time "13:11:00"]
[PlyCount "156"]
[TimeControl "1500+5"]

1. d4 e6 2. Nf3 f5 3. e3 Nf6 4. c4 d5 5. Be2 c6 6. Nc3 Bb4 7. Bd2 O-O 8. c5
b6 9. a3 Bxc3 10. Bxc3 Ba6 11. O-O bxc5 12. dxc5 Ne4 13. Bd4 Bxe2 14. Qxe2
Nd7 15. b4 a5 16. Qb2 Ndf6 17. Nd2 Qc7 18. Nxe4 fxe4 19. Be5 Qb7 20. f4
axb4 21. Qxb4 Qxb4 22. axb4 Nd7 23. Bd6 Rfe8 24. Ra5 Rxa5 25. bxa5 Ra8 26.
Bc7 Kf8 27. Bb6 Ke7 28. Rd1 Nb8 29. Kf2 Kd7 30. Kg3 Kc8 31. Kg4 Kb7 32. f5
exf5+ 33. Kxf5 Nd7 34. Rb1 Kc8 35. Ke6 Rb8 36. Kd6 Nxb6 37. axb6 Kb7 38.
Kd7 Ra8 39. Kd6 Ra5 40. Rc1 Ra4 41. Ke5 Ra2 42. Rg1 Rc2 43. Kd4 Rc4+ 44.
Ke5 Rxc5 45. Rb1 Rc2 46. g4 Rxh2 47. Rb3 Rd2 48. Kf4 Rd3 49. Rb2 Rc3 50.
Rb1 Rc5 51. Ke5 Rb5 52. Rxb5 cxb5 53. Kxd5 Kxb6 54. Kd4 Ka5 55. Kc3 Ka4 56.
g5 Ka3 57. Kc2 h6 58. gxh6 gxh6 59. Kc3 b4+ 60. Kc2 Ka2 61. Kc1 b3 62. Kd2
b2 63. Kc2 b1=Q+ 64. Kc3 Qd1 65. Kc4 Qd3+ 66. Kc5 Qxe3+ 67. Kc6 Qd4 68. Kc7
Qd5 69. Kc8 Qd6 70. Kb7 Qc5 71. Ka6 Qb4 72. Ka7 Qb5 73. Ka8 Kb3 74. Ka7 Kc4
75. Ka8 Kd5 76. Ka7 Kd6 77. Ka8 Kc7 78. Ka7 Qa5# { White checkmated } 0-1

[Event "ICC tourney 2533 (25 5)"]
[Site "Internet Chess Club"]
[Date "2021.04.25"]
[Round "6"]
[White "YANG XIAO, STEPHEN:K09-16490714"]
[Black "MOU, IRIS:K09-15794244"]
[Result "0-1"]
[ICCResult "White resigns"]
[WhiteElo "1612"]
[BlackElo "2059"]
[Opening "Caro-Kann: Panov-Botvinnik attack"]
[ECO "B13"]
[NIC "CK.03"]
[Time "13:13:07"]
[PlyCount "102"]
[TimeControl "1500+5"]

1. e4 c6 2. d4 d5 3. exd5 cxd5 4. c4 Nf6 5. Nc3 h6 6. Nf3 Bg4 7. c5 Nc6 8.
Be2 e6 9. a3 Ne4 10. Bf4 Nxc3 11. bxc3 Be7 12. Rb1 Bxf3 13. Bxf3 Qd7 14.
O-O O-O 15. Qd2 Bf6 16. Bd6 Rfc8 17. Rb4 Nxb4 18. cxb4 Qa4 19. Qe3 a5 20.
Bd1 Qc6 21. Be2 axb4 22. axb4 Qa4 23. Qd2 Qa2 24. Qxa2 Rxa2 25. Bb5 Bxd4
26. Bd7 Rca8 27. b5 Rc2 28. c6 bxc6 29. bxc6 Bb6 30. Rb1 Rb2 31. Rc1 Bxf2+
32. Kf1 Be3 33. Re1 Bd2 34. Re2 Ra1+ 35. Kf2 Be1+ 36. Kf3 Rxe2 37. Kxe2 Ba5
38. c7 Bxc7 39. Bxc7 Ra7 40. Bxe6 fxe6 41. Be5 Ra3 42. Bd6 Rb3 43. Be5 Kf7
44. h3 g6 45. Kf2 Ke7 46. Ke2 Kd7 47. Kd2 Kc6 48. g3 Kc5 49. Kc2 Rf3 50.
Kd2 d4 51. Ke2 Re3+ { White resigns } 0-1

[Event "ICC tourney 2533 (25 5)"]
[Site "Internet Chess Club"]
[Date "2021.04.25"]
[Round "6"]
[White "LWIN MOE, KENNY:K09-16875861"]
[Black "JAIN, ARYAN:K09-16802032"]
[Result "0-1"]
[ICCResult "White checkmated"]
[WhiteElo "823"]
[BlackElo "1191"]
[Opening "Ruy Lopez: exchange, Keres variation"]
[ECO "C68"]
[NIC "RL.08"]
[Time "13:11:46"]
[PlyCount "114"]
[TimeControl "1500+5"]

1. e4 e5 2. Nf3 Nc6 3. Bb5 a6 4. Bxc6 dxc6 5. Nc3 Bd6 6. h3 Nf6 7. d4 Bb4
8. Bg5 h6 9. Bh4 g5 10. Bg3 Nxe4 11. O-O Nxc3 12. bxc3 Bxc3 13. Rb1 Bxd4
14. Nxd4 Qxd4 15. Bxe5 Qxd1 16. Rbxd1 Rg8 17. Rfe1 Be6 18. Bxc7 Ke7 19.
Bd6+ Kf6 20. Be5+ Kg6 21. Bc3 Rad8 22. Rxd8 Rxd8 23. Re3 Bxa2 24. Rf3 f5
25. Re3 b5 26. g4 f4 27. Re7 Rg8 28. Rc7 Bd5 29. Ra7 h5 30. Kh2 hxg4 31.
hxg4 Be4 32. Rxa6 Bxc2 33. Rxc6+ Kf7 34. Rc7+ Ke6 35. Rc6+ Kd5 36. Rh6 Ke4
37. Rh3 Bd1 38. Rh6 Bxg4 39. Rb6 Be2 40. Re6+ Kf3 41. Kg1 Bc4 42. Re7 g4
43. Be5 g3 44. fxg3 Rxg3+ 45. Kh2 Rg5 46. Bd6 Rd5 47. Bc7 b4 48. Rf7 Rh5+
49. Kg1 Bxf7 50. Bxf4 Kxf4 51. Kf2 Rh2+ 52. Ke1 Kf3 53. Kd1 Ke3 54. Kc1 Kd3
55. Kb1 Kc3 56. Ka1 Kb3 57. Kb1 Rh1# { White checkmated } 0-1

[Event "ICC tourney 2533 (25 5)"]
[Site "Internet Chess Club"]
[Date "2021.04.25"]
[Round "6"]
[White "MICHAEL JONES, RILEY:K09-16250692"]
[Black "BALAJI IYER, SHRINIVAS:K09-16691948"]
[Result "1-0"]
[ICCResult "Black checkmated"]
[WhiteElo "940"]
[BlackElo "1443"]
[Opening "Bishop's opening"]
[ECO "C23"]
[NIC "IG.04"]
[Time "13:12:29"]
[PlyCount "79"]
[TimeControl "1500+5"]

1. e4 e5 2. Bc4 Nc6 3. c3 Nf6 4. d3 Bc5 5. Bg5 h6 6. Bh4 O-O 7. Nf3 Be7 8.
O-O d6 9. h3 a6 10. a4 Be6 11. b3 Bxc4 12. bxc4 Nh7 13. Bxe7 Qxe7 14. Re1
Ng5 15. Qc2 Nxf3+ 16. gxf3 f5 17. Nd2 f4 18. Qb3 b6 19. c5+ Kh8 20. cxb6
Rab8 21. a5 Rb7 22. Qd5 Nd8 23. Reb1 Rf6 24. Kf1 Rg6 25. Qc4 Qh4 26. bxc7
Qxh3+ 27. Ke2 Rxc7 28. Qxc7 Ne6 29. Qc8+ Kh7 30. Rb8 Rg2 31. Rf1 h5 32.
Qg8+ Kh6 33. Rb6 Rg6 34. Qh8+ Kg5 35. Rg1+ Kf6 36. Rxg6+ Kxg6 37. Rxd6 Kf7
38. Nc4 Ng5 39. Nxe5+ Ke7 40. Qd8# { Black checkmated } 1-0